 Dungeon Crawl Stone Soup version 0.28.0-43-g3370ac3207 (webtiles) character file.

Game seed: 13817619445980948159

4398 fknight the Spear-Bearer (level 10, -2/82 HPs)
             Began as a Gnoll Berserker on Mar 9, 2022.
             Was a Priest of Trog.
             Slain by Grum
             ... wielding a -2 spear
              (9 damage)
             ... on level 8 of the Dungeon.
             The game lasted 00:26:41 (8028 turns).

fknight the Spear-Bearer (Gnoll Berserker)          Turns: 8028, Time: 00:26:42

Health: -2/82      AC: 15    Str: 18    XL:     10   Next: 35%
Magic:  0/17       EV:  8    Int:  7    God:    Trog [***...]
Gold:   213        SH:  0    Dex: 14    Spells: 19/19 levels left

rFire   . . .      SeeInvis .   i - +1 trident (flame)
rCold   . . .      Faith    .   (no shield)
rNeg    . . .      Spirit   +   n - +1 plate armour
rPois   .          Reflect  .   q - +0 helmet
rElec   .          Harm     .   e - scarf {repulsion}
rCorr   .          Rampage  .   (no gloves)
Will    .....                   (no boots)
Stlth   ..........              b - amulet of guardian spirit
HPRegen 0.23/turn               (no ring)
MPRegen 0.15/turn               (no ring)

@: on berserk cooldown, slowed, repel missiles, very slow
A: fangs 1, strong nose, distributed training
a: Renounce Religion, Berserk, Trog's Hand


You were on level 8 of the Dungeon.
You worshipped Trog.
Trog was most pleased with you.
You visited 1 branch of the dungeon, and saw 8 of its levels.
You also visited: Ossuary.

You collected 382 gold pieces.
You spent 169 gold pieces at shops.

Inventory:

Hand Weapons
 a - a +0 spear
 c - a +1 dagger of venom
 i - a +1 trident of flaming (weapon)
 y - a +4 quarterstaff of chaos
 F - a +0 fustibalus
 G - a +3 spear
 H - a +0 flail
 I - a +0 spear of flaming
 J - a +1 spear of distortion
 L - a +0 whip of flaming
Missiles
 d - 230 stones (quivered)
 o - 68 sling bullets
 u - 4 datura-tipped darts
Armour
 e - a scarf of repulsion (worn)
 n - a +1 plate armour (worn)
 q - a +0 helmet (worn)
 x - a +0 cloak
 D - the +3 scale mail "Gybbeup" {Int+4 Stlth+}
   (You found it on level 7 of the Dungeon)

   Int:       It affects your intelligence (+4).
   Stlth:     It makes you more stealthy.
Jewellery
 b - an amulet of guardian spirit (around neck)
 C - a ring of ice
Wands
 k - a wand of paralysis (13)
 E - a wand of iceblast (5)
 K - a wand of flame (10)
Scrolls
 z - a scroll of fear
 B - a scroll of blinking
 M - a scroll of holy word {unknown}
Potions
 f - 2 potions of haste
 g - 4 potions of flight
 h - 3 potions of degeneration
 j - a potion of berserk rage {unknown}
 l - 2 potions of heal wounds {unknown}
 m - 2 potions of magic
 p - a potion of mutation {unknown}
 r - 3 potions of invisibility
 s - 4 potions of lignification
 t - 2 potions of brilliance
 v - a potion of might {unknown}
 w - 4 potions of curing {unknown}
 A - a potion of resistance {unknown}


   Skills:
 + Level 8.4 Fighting
 + Level 5.2 Short Blades
 + Level 5.2 Long Blades
 + Level 5.2 Axes
 + Level 5.2 Maces & Flails
 + Level 8.4 Polearms
 + Level 5.2 Staves
 + Level 5.2 Slings
 + Level 5.2 Bows
 + Level 5.2 Crossbows
 + Level 5.2 Throwing
 + Level 7.0 Armour
 + Level 7.0 Dodging
 + Level 5.2 Stealth
 + Level 5.2 Shields
 + Level 5.2 Unarmed Combat
 + Level 5.2 Spellcasting
 + Level 4.3 Conjurations
 + Level 4.3 Hexes
 + Level 4.3 Summonings
 + Level 4.3 Necromancy
 + Level 4.3 Translocations
 + Level 4.3 Transmutations
 + Level 4.3 Fire Magic
 + Level 4.3 Ice Magic
 + Level 4.3 Air Magic
 + Level 4.3 Earth Magic
 + Level 4.3 Poison Magic
 + Level 5.7 Invocations
 + Level 5.2 Evocations


You had 19 spell levels left.
You didn't know any spells.
Your spell library was empty.

Dungeon Overview and Level Annotations

Branches:
Dungeon (8/15)             Temple (0/1) D:5         Ossuary (visited)
   Lair: D:8-11

Altars:
Makhleb
Vehumet

Shops:
D:2 *   D:7 :*

Annotations:
D:8 Grum


Innate Abilities, Weirdness & Mutations

You have very sharp teeth.
Your uncanny sense of smell can sniff out nearby items.
Your experience applies equally to all skills.


Message History

You closely miss the howler monkey. The howler monkey hits you.
* * * LOW HITPOINT WARNING * * *
Grum hits you but does no damage.
You barely miss the howler monkey.
Your skin stops crawling.
You feel less strong-willed. The howler monkey hits you.
* * * LOW HITPOINT WARNING * * *
You impale the howler monkey!! You burn the howler monkey.
You kill the howler monkey!
Trog accepts your kill. Grum hits you but does no damage.
You puncture the howler monkey! You burn the howler monkey.
You kill the howler monkey!
Trog accepts your kill.
You completely miss the centaur.
Grum hits you from afar with a -2 spear!
* * * LOW HITPOINT WARNING * * *
The centaur unwields a +0 shortbow.
The centaur hits you but does no damage.
The centaur closely misses you.
You closely miss the centaur. Your bite misses the centaur.
Grum hits you but does no damage.
The centaur hits you but does no damage.
The centaur barely misses you.
You barely miss the centaur. You puncture the centaur! You burn the centaur.
The centaur is almost dead.
The centaur hits you.
* * * LOW HITPOINT WARNING * * *
The centaur kicks you but does no damage.
Grum hits you but does no damage.
You puncture the centaur! You burn the centaur.
You kill the centaur!
Trog accepts your kill.
You closely miss the howler monkey.
You are no longer berserk.
You are exhausted.
You feel yourself slow down.
Grum hits you from afar with a -2 spear!
You die...

...... .#
.?(.. ###.
..(. .(.
>.. ..#
..#..#
g...# #h#.#
#@#.# #.#.#
∆ #.#.#
#.#####.#.#
#.........#
#######.###
######.#
#......#
#.######


You could see Grum and a howler monkey.

Vanquished Creatures
  A two-headed ogre (D:8)
  Pikel (D:8)
  A manticore (D:6)
  A cyclops (D:8)
  A shadow (D:6)
  A wyvern (D:7)
  A steam dragon (D:7)
  2 water moccasins
  A black bear (D:4)
  2 wolves (D:8)
  2 ogres
  A centaur (D:8)
  A lemure (D:8)
  2 bullfrogs (D:3)
  A wyvern zombie (D:7)
  An elf zombie (Ossuary)
  A gnoll sergeant (D:8)
  A scorpion (D:6)
  6 wights (D:8)
  2 howler monkeys (D:8)
  A bullfrog zombie (D:3)
  5 centaur zombies
  Crazy Yiuf (D:4)
  A gnoll shaman (D:7)
  2 iguanas
  3 orc priests
  Terence (D:2)
  2 orc wizards (D:5)
  A killer bee zombie (D:6)
  2 mummies (Ossuary)
  A howler monkey zombie (D:7)
  9 adders
  9 gnolls
  2 shadow imps
  An ufetubus (D:5)
  2 adder zombies (Ossuary)
  4 worms
  2 dart slugs
  13 orcs
  11 endoplasms
  A giant cockroach (D:1)
  5 goblins
  11 hobgoblins
  2 quokkas
  3 ball pythons
  5 bats
  2 frilled lizards
  A goblin zombie (Ossuary)
  6 hobgoblin zombies (Ossuary)
  2 jackal zombies (Ossuary)
  3 kobolds
  10 kobold zombies (Ossuary)
  9 orc zombies (Ossuary)
  A quokka skeleton (D:4)
  5 rats
  3 rat zombies (Ossuary)
172 creatures vanquished.

Notes
Turn   | Place    | Note
-------+----------+-------------------------------------------
     0 | D:1      | fknight the Gnoll Berserker began the quest for the Orb.
     0 | D:1      | Reached XP level 1. HP: 23/23 MP: 1/1
   201 | D:1      | Reached XP level 2. HP: 22/29 MP: 2/2
   804 | D:2      | Reached XP level 3. HP: 35/35 MP: 2/4
  1039 | D:2      | Reached skill level 1 in Invocations
  1044 | D:2      | Reached ** piety under Trog
  1117 | D:2      | Reached skill level 1 in Short Blades
  1117 | D:2      | Reached skill level 1 in Long Blades
  1117 | D:2      | Reached skill level 1 in Axes
  1117 | D:2      | Reached skill level 1 in Maces & Flails
  1117 | D:2      | Reached skill level 1 in Staves
  1117 | D:2      | Reached skill level 1 in Slings
  1117 | D:2      | Reached skill level 1 in Bows
  1117 | D:2      | Reached skill level 1 in Crossbows
  1117 | D:2      | Reached skill level 1 in Throwing
  1117 | D:2      | Reached skill level 1 in Stealth
  1117 | D:2      | Reached skill level 1 in Shields
  1117 | D:2      | Reached skill level 1 in Unarmed Combat
  1117 | D:2      | Reached skill level 1 in Spellcasting
  1117 | D:2      | Reached skill level 1 in Evocations
  1147 | D:2      | Noticed Terence
  1159 | D:2      | Killed Terence
  1160 | D:2      | Reached XP level 4. HP: 41/41 MP: 5/5
  1279 | D:2      | Found Bisarod's Assorted Antiques.
  1363 | D:2      | Reached skill level 1 in Conjurations
  1363 | D:2      | Reached skill level 1 in Hexes
  1363 | D:2      | Reached skill level 1 in Summonings
  1363 | D:2      | Reached skill level 1 in Necromancy
  1363 | D:2      | Reached skill level 1 in Translocations
  1363 | D:2      | Reached skill level 1 in Transmutations
  1363 | D:2      | Reached skill level 1 in Fire Magic
  1363 | D:2      | Reached skill level 1 in Ice Magic
  1363 | D:2      | Reached skill level 1 in Air Magic
  1363 | D:2      | Reached skill level 1 in Earth Magic
  1363 | D:2      | Reached skill level 1 in Poison Magic
  1646 | D:2      | Bought a fuming coppery potion for 15 gold pieces
  1646 | D:2      | Bought a silvery potion for 15 gold pieces
  1646 | D:2      | Bought a scroll labelled UKA ZOD NOA for 17 gold pieces
  1646 | D:2      | Bought a scroll labelled ROV ZUXTOVVO for 17 gold pieces
  1681 | D:3      | Reached XP level 5. HP: 41/47 MP: 5/7
  2131 | D:3      | Found a faded altar of an unknown god.
  2233 | D:2      | Bought a fizzy clear potion for 15 gold pieces
  2300 | D:3      | Reached XP level 6. HP: 36/53 MP: 8/8
  2474 | D:3      | Reached skill level 5 in Armour
  2474 | D:3      | Reached skill level 5 in Dodging
  3132 | D:4      | Found a radiant altar of Vehumet.
  3283 | D:4      | Found a sand-covered staircase.
  3289 | Ossuary  | Entered an ossuary
  3304 | Ossuary  | Reached XP level 7. HP: 59/59 MP: 10/10
  3358 | Ossuary  | Reached *** piety under Trog
  3912 | D:4      | Found a runed translucent door.
  3913 | D:4      | Noticed Crazy Yiuf
  4597 | D:4      | Killed Crazy Yiuf
  4660 | D:5      | Entered Level 5 of the Dungeon
  4672 | D:5      | Reached XP level 8. HP: 67/67 MP: 12/12
  5078 | D:5      | Found a staircase to the Ecumenical Temple.
  5607 | D:6      | Noticed a shadow
  5642 | D:6      | Killed a shadow
  5737 | D:6      | Reached **** piety under Trog
  6064 | D:6      | Noticed a manticore
  6071 | D:6      | Killed a manticore
  6072 | D:6      | Reached XP level 9. HP: 73/73 MP: 11/14
  6375 | D:7      | Found Ehoet's General Store.
  6532 | D:7      | Identified the +3 scale mail "Gybbeup" {Int+4 Stlth+}
  6921 | D:7      | Found Kidghuxivi's Book Boutique.
  7226 | D:7      | Bought a scroll of enchant weapon for 90 gold pieces
  7245 | D:8      | Found a burning altar of Makhleb.
  7280 | D:8      | Noticed a cyclops
  7299 | D:8      | Killed a cyclops
  7300 | D:8      | Reached skill level 5 in Invocations
  7747 | D:8      | Noticed Pikel
  7755 | D:8      | Killed Pikel
  7756 | D:8      | Reached XP level 10. HP: 80/80 MP: 15/17
  7985 | D:8      | Noticed Grum
  7997 | D:8      | Noticed a two-headed ogre
  8012 | D:8      | Killed a two-headed ogre
  8013 | D:8      | Reached skill level 5 in Short Blades
  8013 | D:8      | Reached skill level 5 in Long Blades
  8013 | D:8      | Reached skill level 5 in Axes
  8013 | D:8      | Reached skill level 5 in Maces & Flails
  8013 | D:8      | Reached skill level 5 in Staves
  8013 | D:8      | Reached skill level 5 in Slings
  8013 | D:8      | Reached skill level 5 in Bows
  8013 | D:8      | Reached skill level 5 in Crossbows
  8013 | D:8      | Reached skill level 5 in Throwing
  8013 | D:8      | Reached skill level 5 in Stealth
  8013 | D:8      | Reached skill level 5 in Shields
  8013 | D:8      | Reached skill level 5 in Unarmed Combat
  8013 | D:8      | Reached skill level 5 in Spellcasting
  8013 | D:8      | Reached skill level 5 in Evocations
  8028 | D:8      | Slain by Grum

Illustrated notes

Levels and vault maps discovered:
D:1:      heliophobic_arrival_dark_side_of_the_moon, layout_basic
D:2:      layout_basic, serial_shops, shop, minmay_misc_feat_cross, uniq_terence
D:3:      layout_rooms, shapermc_ecumenical_altar_pompeii,
          minmay_fractal_squares_5
D:4:      minmay_angry_zag, layout_loops_corners, lemuel_doored_altar,
          nicolae_ossuary_entry_ruins, uniq_crazy_yiuf_cottage
D:5:      layout_layer_cave, minmay_temple_entry_antechambers
D:6:      layout_gridville
D:7:      layout_layer_cave, serial_shops, nicolae_shop_stone,
          minmay_misc_feat_ornament, minmay_shop_grid_forest,
          minmay_misc_feat_enclosed
D:8:      layout_loops_ring, mainiacjoe_overflow_tiny_flanked, uniq_maurice,
          uniq_pikel, uniq_grum

Skill      XL: |  1  2  3  4  5  6  7  8  9 10 |
---------------+-------------------------------+-----
Invocations    | 1 2 3 4 5 |  5.7
Short Blades   | 1 2 3 4 5 |  5.2
Long Blades    | 1 2 3 4 5 |  5.2
Axes           | 1 2 3 4 5 |  5.2
Maces & Flails | 1 2 3 4 5 |  5.2
Staves         | 1 2 3 4 5 |  5.2
Slings         | 1 2 3 4 5 |  5.2
Bows           | 1 2 3 4 5 |  5.2
Crossbows      | 1 2 3 4 5 |  5.2
Throwing       | 1 2 3 4 5 |  5.2
Stealth        | 1 2 3 4 5 |  5.2
Shields        | 1 2 3 4 5 |  5.2
Unarmed Combat | 1 2 3 4 5 |  5.2
Spellcasting   | 1 2 3 4 5 |  5.2
Evocations     | 1 2 3 4 5 |  5.2
Conjurations   | 1 2 3 4 |  4.3
Hexes          | 1 2 3 4 |  4.3
Summonings     | 1 2 3 4 |  4.3
Necromancy     | 1 2 3 4 |  4.3
Translocations | 1 2 3 4 |  4.3
Transmutations | 1 2 3 4 |  4.3
Fire Magic     | 1 2 3 4 |  4.3
Ice Magic      | 1 2 3 4 |  4.3
Air Magic      | 1 2 3 4 |  4.3
Earth Magic    | 1 2 3 4 |  4.3
Poison Magic   | 1 2 3 4 |  4.3
Armour         | 5 6 7 |  7.0
Dodging        | 5 6 7 |  7.0
Fighting       | 7 8 |  8.4
Polearms       | 7 8 |  8.4

Action                   |  1- 3 |  4- 6 |  7- 9 | 10-12 || total
-------------------------+-------+-------+-------+-------++-------
Melee: Spear             |    64 |       |       |       ||    64
       Bite              |    11 |    15 |    24 |     5 ||    55
       Trident           |    32 |   135 |   305 |    52 ||   524
       Punch             |     1 |     2 |    11 |       ||    14
Throw: Stone             |     4 |    10 |    17 |     6 ||    37
Invok: Berserk           |       |     2 |     7 |     1 ||    10
       Trog's Hand       |       |     1 |     4 |     1 ||     6
  Use: Scroll            |       |     5 |     9 |     1 ||    15
 Stab: Distracted        |       |     2 |       |       ||     2
Armor: Ring mail         |    11 |       |       |       ||    11
       Plate armour      |     8 |    87 |   147 |    28 ||   270
       Chain mail        |     2 |       |       |       ||     2
Dodge: Dodged            |    20 |    42 |    81 |    17 ||   160
       Repelled          |       |       |     1 |       ||     1
